 Dungeon Crawl Stone Soup version 0.28.0-43-g3370ac3207 (webtiles) character file.

Game seed: 2575461315660644039

172 Ablot the Grasshopper (level 5, -1/43 HPs)
             Began as a Gnoll Warper on Mar 22, 2022.
             Slain by a scorpion (6 damage)
             ... on level 3 of the Dungeon.
             The game lasted 00:03:49 (3156 turns).

Ablot the Grasshopper (Gnoll Warper)                Turns: 3156, Time: 00:03:50

Health: -1/43      AC:  4    Str: 13    XL:     5   Next: 52%
Magic:  9/12       EV: 13    Int: 12    God:
Gold:   120        SH:  0    Dex: 11    Spells: 12/14 levels left

rFire   . . .      SeeInvis .   a - +0 spear
rCold   . . .      Faith    .   (no shield)
rNeg    . . .      Spirit   .   b - +0 leather armour
rPois   .          Reflect  .   (no helmet)
rElec   .          Harm     .   e - +0 cloak
rCorr   .          Rampage  .   (no gloves)
Will    .....                   (no boots)
Stlth   +.........              (no amulet)
HPRegen 0.14/turn               (no ring)
MPRegen 0.13/turn               (no ring)

@: on blink cooldown
A: fangs 1, strong nose, distributed training
a: no special abilities


You were on level 3 of the Dungeon.
You visited 1 branch of the dungeon, and saw 4 of its levels.

You collected 120 gold pieces.

Inventory:

Hand Weapons
 a - a +0 spear (weapon)
 r - a +0 broad axe
Missiles
 d - 5 boomerangs of dispersal (quivered)
 g - 62 stones
 h - 51 sling bullets
 i - 56 arrows
 k - 42 bolts
Armour
 b - a +0 leather armour (worn)
 e - a +0 cloak (worn)
Wands
 p - a wand of flame (6)
Scrolls
 c - 2 scrolls of blinking
 f - a scroll of enchant weapon {unknown}
 j - 2 scrolls of identify {unknown}
 m - 2 scrolls of teleportation {unknown}
 n - a scroll of amnesia {unknown}
 o - a scroll of silence {unknown}
Potions
 l - 2 potions of lignification {unknown}
 q - a potion of flight {unknown}


   Skills:
 + Level 4.8 Fighting
 + Level 1.5 Short Blades
 + Level 1.5 Long Blades
 + Level 1.5 Axes
 + Level 1.5 Maces & Flails
 + Level 4.8 Polearms
 + Level 1.5 Staves
 + Level 1.5 Slings
 + Level 1.5 Bows
 + Level 1.5 Crossbows
 + Level 3.0 Throwing
 + Level 3.0 Armour
 + Level 4.8 Dodging
 + Level 1.5 Stealth
 + Level 1.5 Shields
 + Level 1.5 Unarmed Combat
 + Level 5.2 Spellcasting
 + Level 1.2 Conjurations
 + Level 1.2 Hexes
 + Level 1.2 Summonings
 + Level 1.2 Necromancy
 + Level 5.5 Translocations
 + Level 1.2 Transmutations
 + Level 1.2 Fire Magic
 + Level 1.2 Ice Magic
 + Level 1.2 Air Magic
 + Level 1.2 Earth Magic
 + Level 1.2 Poison Magic
 + Level 1.7 Invocations
 + Level 1.5 Evocations


You had 12 spell levels left.
You knew the following spells:

 Your Spells              Type           Power      Damage    Failure   Level
a - Blink                 Tloc           32%        N/A       3%          2

Your spell library contained the following spells:

 Spells                   Type           Power      Damage    Failure   Level
 Gell's Gravitas          Tloc           16%        N/A       8%          3
 Lesser Beckoning         Tloc           16%        N/A       8%          3
 Teleport Other           Tloc           16%        N/A       8%          3
 Ignite Poison            Fire/Tmut/Pois 6%         N/A       41%         3
 Mephitic Cloud           Conj/Pois/Air  6%         N/A       41%         3
 Manifold Assault         Tloc           16%        N/A       56%         5
 Freezing Cloud           Conj/Ice/Air   3%         6-21      99%         5


Dungeon Overview and Level Annotations

Branches:
Dungeon (4/15)
 Temple: D:4-7

Altars:
Hepliaklqana
Wu Jian


Innate Abilities, Weirdness & Mutations

You have very sharp teeth.
Your uncanny sense of smell can sniff out nearby items.
Your experience applies equally to all skills.


Message History

Reach: a) +0 spear
Press: ? - help, Dir - move target, p - scorpion
Okay, then.
You hit the goblin but do no damage.
You feel sick.
The scorpion struggles against the net.
The goblin hits you but does no damage.
You hit the goblin.
You kill the goblin!
You feel sick.
The scorpion struggles against the net.
The net rips apart, and the scorpion comes free!
Aiming: Throw Flame
Press: ? - help, Shift-Dir - straight line, f/p - scorpion
Aim: a scorpion (moderately wounded, 71% to hit)
The puff of flame hits the scorpion.
The scorpion is heavily wounded.
You feel sick.
Aiming: Throw Flame
Press: ? - help, Shift-Dir - straight line, f/p - scorpion
Aim: a scorpion (heavily wounded, 71% to hit)
The puff of flame hits the scorpion.
The scorpion is severely wounded.
You feel stable enough to blink again.
You feel sick.
Casting: Blink (safe; 3% risk of failure)
Confirm with . or Enter, or press ? or * to list all spells.
You blink.
You feel sick.
You are no longer poisoned.
Aiming: Throw Flame
Press: ? - help, Shift-Dir - straight line, f/p - scorpion
Aim: a scorpion (severely wounded, 71% to hit)
The puff of flame misses the scorpion.
You don't have any such object.
Evoke which item? (* to show all) (? for menu, Esc to quit)
Okay, then.
Aiming: Throw Flame
Press: ? - help, Shift-Dir - straight line, f/p - scorpion
Aim: a scorpion (severely wounded, 71% to hit)
The puff of flame hits the scorpion but does no damage.
The scorpion is severely wounded.
The scorpion stings you.
You die...

......### #....# ........#
#....# #.......# #....#
#†......# ##..>.######
#.......# #..........#
#.......#######).........#
.........................#
###############[.....).).#
#.@s.......# #..........#
############


You could see a scorpion.

Vanquished Creatures
  A scorpion (D:3)
  Jessica (D:3)
  Ijyb (D:3)
  An adder (D:2)
  3 dart slugs
  3 endoplasms
  2 giant cockroaches
  4 goblins
  7 hobgoblins
  3 jackals (D:2)
  3 quokkas (D:2)
  5 ball pythons
  4 bats
  7 frilled lizards
  2 kobolds (D:2)
  3 rats
50 creatures vanquished.

Notes
Turn   | Place    | Note
-------+----------+-------------------------------------------
     0 | D:1      | Ablot the Gnoll Warper began the quest for the Orb.
     0 | D:1      | Reached XP level 1. HP: 20/20 MP: 6/6
    92 | D:1      | Found a faded altar of an unknown god.
   278 | D:1      | Reached XP level 2. HP: 17/26 MP: 7/7
   281 | D:1      | Learned a level 2 spell: Blink
  1000 | D:2      | Found a hazy altar of Hepliaklqana.
  1010 | D:2      | Reached XP level 3. HP: 31/31 MP: 9/9
  1134 | D:2      | Reached skill level 5 in Spellcasting
  1202 | D:2      | Reached skill level 1 in Invocations
  1989 | D:3      | Noticed Jessica
  2000 | D:3      | Killed Jessica
  2001 | D:3      | Reached skill level 1 in Short Blades
  2001 | D:3      | Reached skill level 1 in Long Blades
  2001 | D:3      | Reached skill level 1 in Axes
  2001 | D:3      | Reached skill level 1 in Maces & Flails
  2001 | D:3      | Reached skill level 1 in Staves
  2001 | D:3      | Reached skill level 1 in Slings
  2001 | D:3      | Reached skill level 1 in Bows
  2001 | D:3      | Reached skill level 1 in Crossbows
  2001 | D:3      | Reached skill level 1 in Stealth
  2001 | D:3      | Reached skill level 1 in Shields
  2001 | D:3      | Reached skill level 1 in Unarmed Combat
  2001 | D:3      | Reached skill level 1 in Evocations
  2001 | D:3      | Reached XP level 4. HP: 22/38 MP: 11/11
  2421 | D:3      | Noticed Ijyb
  2446 | D:3      | Killed Ijyb
  2447 | D:3      | Reached skill level 1 in Conjurations
  2447 | D:3      | Reached skill level 1 in Hexes
  2447 | D:3      | Reached skill level 1 in Summonings
  2447 | D:3      | Reached skill level 1 in Necromancy
  2447 | D:3      | Reached skill level 1 in Transmutations
  2447 | D:3      | Reached skill level 1 in Fire Magic
  2447 | D:3      | Reached skill level 1 in Ice Magic
  2447 | D:3      | Reached skill level 1 in Air Magic
  2447 | D:3      | Reached skill level 1 in Earth Magic
  2447 | D:3      | Reached skill level 1 in Poison Magic
  2856 | D:3      | Found an ornate altar of the Wu Jian Council.
  2856 | D:3      | Noticed a scorpion
  2865 | D:3      | Killed a scorpion
  2866 | D:3      | Reached XP level 5. HP: 33/43 MP: 9/12
  3156 | D:3      | Slain by a scorpion

Illustrated notes

Levels and vault maps discovered:
D:1:      dpeg_arrival_round_a, layout_basic,
          ebering_ecumenical_altar_sacrificial
D:2:      layout_basic, basic_altar, st_stairs_9
D:3:      layout_rooms, nicolae_wu_jian_glorious_leap, uniq_jessica, uniq_ijyb
D:4:      black_bear_nest_2, layout_basic, kennysheep_boxes

Skill      XL: |  1  2  3  4 |
---------------+-------------+-----
Spellcasting   | 5 |  5.2
Invocations    | 1 |  1.7
Short Blades   | 1 |  1.5
Long Blades    | 1 |  1.5
Axes           | 1 |  1.5
Maces & Flails | 1 |  1.5
Staves         | 1 |  1.5
Slings         | 1 |  1.5
Bows           | 1 |  1.5
Crossbows      | 1 |  1.5
Stealth        | 1 |  1.5
Shields        | 1 |  1.5
Unarmed Combat | 1 |  1.5
Evocations     | 1 |  1.5
Conjurations   | 1 |  1.2
Hexes          | 1 |  1.2
Summonings     | 1 |  1.2
Necromancy     | 1 |  1.2
Transmutations | 1 |  1.2
Fire Magic     | 1 |  1.2
Ice Magic      | 1 |  1.2
Air Magic      | 1 |  1.2
Earth Magic    | 1 |  1.2
Poison Magic   | 1 |  1.2
Throwing       | 3 |  3.0
Armour         | 3 |  3.0
Fighting       | |  4.8
Polearms       | |  4.8
Dodging        | |  4.8
Translocations | |  5.5

Action                   |  1- 3 |  4- 6 || total
-------------------------+-------+-------++-------
Melee: Spear             |   144 |    73 ||   217
       Bite              |     9 |     4 ||    13
       Punch             |     2 |     2 ||     4
Throw: Throwing net      |       |     1 ||     1
 Cast: Blink             |       |     3 ||     3
Evoke: Wand              |       |     6 ||     6
 Stab: Sleeping          |     1 |     1 ||     2
Armor: Leather armour    |    31 |    13 ||    44
Dodge: Dodged            |    69 |    40 ||   109
